 Dungeon Crawl Stone Soup version 0.27.1-1-g398f81649c (webtiles) character file.

Game seed: 8238543712589085690

1862 pkoi the Carver (level 8, 0/68 HPs)
             Began as a Minotaur Gladiator on Sept 22, 2021.
             Slain by a centaur (2 damage)
             ... on level 5 of the Dungeon.
             The game lasted 00:06:43 (6387 turns).

pkoi the Carver (Minotaur Gladiator)                Turns: 6387, Time: 00:06:43

Health: 0/68       AC:  6    Str: 23    XL:     8   Next: 89%
Magic:  7/7        EV: 13    Int:  7    God:
Gold:   66         SH:  0    Dex: 17    Spells: 7/7 levels left

rFire    + . .     SeeInvis .   f - +2 great sword (holy)
rCold    . . .     Faith    .   (shield currently unavailable)
rNeg     . . .     Spirit   .   b - +0 leather armour
rPois    .         Reflect  .   c - +0 hat
rElec    .         Harm     .   k - +0 cloak
rCorr    .         Rampage  .   m - +0 pair of gloves of Generosity {rF+ Str+3 Int+2 Dex+4}
Will     .....                  (no boots)
Stlth    +.........             (no amulet)
HPRegen  0.21/turn              (no ring)
MPRegen  0.10/turn              (no ring)

@: no status effects
A: horns 2, retaliatory headbutt
a: no special abilities


You were on level 5 of the Dungeon.
You visited 1 branch of the dungeon, and saw 5 of its levels.
You also visited: Sewer.

You collected 162 gold pieces.
You spent 96 gold pieces at shops.

Inventory:

Hand Weapons
 a - a +1 long sword of draining
 f - a +2 great sword of holy wrath (weapon)
 w - a +0 dagger of venom
Missiles
 d - 3 throwing nets (quivered)
 t - 3 curare-tipped darts
 u - 21 poisoned darts
Armour
 b - a +0 leather armour (worn)
 c - a +0 hat (worn)
 h - a +0 chain mail
 k - a +0 cloak (worn)
 m - the +0 pair of gloves of Generosity (worn) {rF+ Str+3 Int+2 Dex+4}
   (You acquired it on level 5 of the Dungeon)

   Str:       It affects your strength (+3).
   Int:       It affects your intelligence (+2).
   Dex:       It affects your dexterity (+4).
   rF:        It protects you from fire.
Jewellery
 l - a +4 ring of protection
 n - the ring "Peutaetitap" {Fly rPois Will- Int+6 Stlth+}
   (You took it off a goblin on level 4 of the Dungeon)

   [ring of intelligence]

   Int:       It affects your intelligence (+6).
   rPois:     It protects you from poison.
   Fly:       It grants you flight.
   Will:      It decreases your willpower.
   Stlth:     It makes you more stealthy.
Wands
 r - a wand of flame (15)
Scrolls
 q - 2 scrolls of teleportation
 s - a scroll of fear
Potions
 e - a potion of haste
 g - 2 potions of curing
 i - a potion of resistance
 j - 2 potions of mutation {unknown}
 o - a potion of ambrosia
 p - 3 potions of lignification {unknown}
 v - a potion of cancellation


   Skills:
 - Level 5.0 Fighting
 * Level 11.1 Long Blades
 - Level 2.0 Throwing
 + Level 7.3 Armour
 - Level 3.2 Dodging


You had 7 spell levels left.
You didn't know any spells.
Your spell library contained the following spells:

 Spells                   Type           Power      Damage    Failure   Level
 Sublimation of Blood     Necr           0%         N/A       61%         2
 Wereblood                Tmut           0%         N/A       61%         2
 Gell's Gravitas          Tloc           0%         N/A       83%         3
 Lesser Beckoning         Tloc           0%         N/A       83%         3
 Teleport Other           Tloc           0%         N/A       83%         3
 Summon Hydra             Summ           0%         N/A       100%        7


Dungeon Overview and Level Annotations

Branches:
Dungeon (5/15)              Sewer (visited)
 Temple: D:4-7

Altars:
The Shining One

Shops:
D:1 (   D:5 [(**

Annotations:
D:3 1 runed translucent door, Gorgormcgor's ghost, amateur HOFE


Innate Abilities, Weirdness & Mutations

You have a pair of horns on your head.
You reflexively headbutt those who attack you in melee.


Message History

You hear a shout!
You are too injured to fight recklessly!
The centaur shoots an arrow.
The arrow hits you!
An ogre comes into view. It is wielding a +0 giant club.
The centaur unwields a +0 shortbow.
The centaur hits you but does no damage.
The centaur kicks you but does no damage.
The centaur hits you but does no damage.
The centaur kicks you.
Unknown command.
You hit the centaur but do no damage.
You headbutt the centaur, but do no damage.
The ogre hits you with a +0 giant club!
* * * LOW HITPOINT WARNING * * *
The centaur closely misses you. You furiously retaliate!
You headbutt the centaur, but do no damage.
The centaur kicks you but does no damage.
The centaur wields a +0 shortbow.
The centaur shoots an arrow.
The arrow hits you!
* * * LOW HITPOINT WARNING * * *
You slash the ogre!
The ogre is heavily wounded.
The ogre hits you with a +0 giant club!
* * * LOW HITPOINT WARNING * * *
You slash the ogre! You headbutt the ogre.
The ogre is almost dead.
The ogre barely misses you.
You completely miss the ogre. You headbutt the ogre.
You kill the ogre!
The centaur shoots an arrow.
The arrow hits you.
* * * LOW HITPOINT WARNING * * *
You closely miss the centaur.
The centaur unwields a +0 shortbow.
The centaur hits you.
* * * LOW HITPOINT WARNING * * *
The centaur barely misses you.
Unknown command.
You slash the centaur!
The centaur is severely wounded.
The centaur hits you.
You die...

#.#####.. #. .....# ##.##
...#.# .....### ...#.#
.......# ...#.# #.
#.#.##### #.##.# #.
#.......# .....# #####.
#.#.#.# ...###
#.....####..#>.#
#...#####......c@..###.##
.#............###.## ##.#
.#...####..... ##.###.##
.#......#..... #.#.##
.....##.###### #.##
.#...##.# #########.#
.....##.####.......#.#
##.........#.#####.#.#
#(..##.##.#.##......#


You could see a centaur.

Vanquished Creatures
  Sigmund (D:5)
  Eustachio (D:5)
  A sky beast (D:5)
  4 ogres
  A black bear (D:3)
  A phantom (D:4)
  6 kobold brigands (Sewer)
  2 scorpions (D:5)
  A howler monkey (D:4)
  2 hounds (D:5)
  2 jellies (D:5)
  2 orc wizards (D:4)
  A killer bee zombie (D:5)
  A hound skeleton (D:5)
  5 adders
  3 river rats (Sewer)
  2 adder skeletons
  4 worms
  2 dart slugs
  8 orcs
  12 endoplasms
  3 giant cockroaches
  6 goblins
  5 hobgoblins
  4 jackals
  2 quokkas (D:2)
  10 ball pythons
  8 bats
  4 frilled lizards
  12 kobolds
  8 rats
124 creatures vanquished.

Vanquished Creatures (others)
  9 plants (D:4)
9 creatures vanquished.

Grand Total: 133 creatures vanquished

Notes
Turn   | Place    | Note
-------+----------+-------------------------------------------
     0 | D:1      | pkoi the Minotaur Gladiator began the quest for the Orb.
     0 | D:1      | Reached XP level 1. HP: 18/18 MP: 0/0
   120 | D:1      | Found Odautz's Antique Weapon Shoppe.
   125 | D:1      | Reached skill level 4 in Long Blades
   221 | D:1      | Reached XP level 2. HP: 25/25 MP: 1/1
   313 | D:1      | Reached skill level 1 in Armour
   560 | D:1      | Found a faded altar of an unknown god.
   847 | D:2      | Reached XP level 3. HP: 28/31 MP: 2/2
  1056 | D:2      | You fall into a shaft and drop 2 floors!
  1120 | D:4      | Reached skill level 5 in Long Blades
  1120 | D:4      | Reached XP level 4. HP: 32/38 MP: 3/3
  2177 | D:3      | Identified a scroll of acquirement
  2177 | D:3      | Acquired a +2 great sword of holy wrath
  2217 | D:3      | Found a runed translucent door.
  2228 | D:3      | Noticed Gorgormcgor's ghost (amateur HOFE)
  2286 | D:3      | Noticed a black bear
  2291 | D:3      | Reached XP level 5. HP: 46/46 MP: 4/4
  2292 | D:3      | Killed a black bear
  2293 | D:3      | Reached skill level 6 in Long Blades
  2796 | D:3      | Found a glowing golden altar of the Shining One.
  2948 | D:4      | Noticed an ogre
  2954 | D:4      | Killed an ogre
  2955 | D:4      | Reached XP level 6. HP: 53/53 MP: 5/5
  2963 | D:4      | Identified the ring "Peutaetitap" {Fly rPois Will- Int+6
                  | Stlth+}
  3121 | D:4      | Reached skill level 7 in Long Blades
  3510 | D:4      | Reached skill level 5 in Fighting
  3510 | D:4      | Reached XP level 7. HP: 9/61 MP: 6/6
  4222 | D:5      | Entered Level 5 of the Dungeon
  4222 | D:5      | Found Tegar's Antique Weapon Emporium.
  4222 | D:5      | Found Nemogise's Armour Emporium.
  4223 | D:5      | Found Diry's Assorted Antiques.
  4224 | D:5      | Found Pyloicyn's Assorted Antiques.
  4231 | D:5      | Reached skill level 8 in Long Blades
  4328 | D:5      | Noticed Eustachio
  4332 | D:5      | Reached skill level 5 in Armour
  4346 | D:5      | Killed Eustachio
  4407 | D:5      | Found a glowing drain.
  4464 | Sewer    | Entered a sewer
  4591 | Sewer    | Reached skill level 9 in Long Blades
  4677 | Sewer    | Reached XP level 8. HP: 63/68 MP: 7/7
  5707 | Sewer    | Reached skill level 10 in Long Blades
  5937 | D:5      | Bought a scroll of identify for 52 gold pieces
  5942 | D:5      | Bought a scroll of identify for 44 gold pieces
  6027 | D:5      | Noticed Sigmund
  6034 | D:5      | Killed Sigmund
  6039 | D:5      | Acquired the +0 pair of gloves of Generosity {rF+ Str+3
                  | Int+2 Dex+4}
  6194 | D:5      | Reached skill level 11 in Long Blades
  6385 | D:5      | HP: 3/68 [centaur/arrow (5)]
  6387 | D:5      | Slain by a centaur

Illustrated notes

Levels and vault maps discovered:
D:1:      dpeg_arrival_tiny_a, layout_basic,
          chequers_ecumenical_altar_simple_redux, serial_shops, shop
D:2:      layout_rooms
D:3:      layout_rooms, lemuel_coloured_pillars_altar,
          ebering_ghost_reflecting_pool, kennysheep_doodads,
          kennysheep_minor_cross, minmay_stone_trees_medium,
          hangedman_decor_opposing
D:4:      layout_loops_ring, chequers_big_river
D:5:      layout_loops_cross, portal_sewer_entry_d, st_stairs_7,
          minmay_shop_grid_forest, uniq_sigmund, uniq_eustachio, uniq_grinder

Skill      XL: |  1  2  3  4  5  6  7  8 |
---------------+-------------------------+-----
Long Blades    | 4 5 6 7 9 11 | 11.1
Armour         | 1 2 3 4 5 7 |  7.3
Fighting       | 3 4 5 |  5.0
Throwing       | |  2.0
Dodging        | |  3.2

Action                   |  1- 3 |  4- 6 |  7- 9 || total
-------------------------+-------+-------+-------++-------
Melee: Long sword        |    64 |    38 |       ||   102
       Headbutt          |    15 |    13 |    25 ||    53
       Great sword       |       |    46 |   137 ||   183
  Use: Scroll            |       |     6 |     7 ||    13
 Stab: Sleeping          |       |     1 |       ||     1
Armor: Leather armour    |    13 |    19 |    36 ||    68
Dodge: Dodged            |    51 |    36 |   108 ||   195
       Rpst.: Long sword |    17 |     4 |       ||    21
       Great sword       |       |     8 |    27 ||    35
